 Dungeon Crawl Stone Soup version 0.30.0-5-g1a98f26d00 (webtiles) character file.

Game seed: 5606662305051420810

907 snarfax the Cleaver (level 8, -3/67 HPs)
             Began as a Hill Orc Fighter on May 10, 2023.
             Killed from afar by a steam dragon (25 damage)
             ... with a ball of steam
             ... on level 6 of the Dungeon.
             The game lasted 00:10:36 (2981 turns).

snarfax the Cleaver (Hill Orc Fighter)              Turns: 2981, Time: 00:10:37

Health: -3/67      AC: 13    Str: 21    XL:     8   Next: 8%
Magic:  8/8        EV:  6    Int:  8    God:
Gold:   116        SH:  4    Dex: 10    Spells: 7/7 levels left

rFire   . . .        a - +0 war axe
rCold   . . .        c - +0 buckler
rNeg    . . .        w - +0 plate armour
rPois   .            (no helmet)
rElec   .            (no cloak)
rCorr   .            (no gloves)
SInv    .            e - +0 pair of boots
Will    .....        h - amulet of regeneration Stlth
                     (no ring)
HPRegen 1.11/turn    (no ring)
MPRegen 0.11/turn

%: no passive effects
@: no status effects
A: no striking features
a: no special abilities


You were on level 6 of the Dungeon.
You visited 1 branch of the dungeon, and saw 6 of its levels.

You collected 228 gold pieces.
You spent 112 gold pieces at shops.

Inventory:

Hand Weapons
 a - a +0 war axe (weapon)
 q - a +1 vampiric spear
Missiles
 d - 3 javelins
 f - 4 poisoned darts (quivered)
Armour
 b - a +0 scale mail
 c - a +0 buckler (worn)
 e - a +0 pair of boots (worn)
 w - a +0 plate armour (worn)
Jewellery
 h - an amulet of regeneration (around neck)
Scrolls
 i - 6 scrolls of blinking
 j - 3 scrolls of identify
 m - a scroll of teleportation
 n - a scroll of fog
 v - a scroll of magic mapping
 x - a scroll of enchant weapon
Potions
 g - a potion of berserk rage {unknown}
 k - 3 potions of curing
 l - a potion of heal wounds {unknown}
 o - a potion of brilliance
 p - a potion of haste
 s - a potion of mutation {unknown}
 u - 2 potions of resistance {unknown}


   Skills:
 + Level 4.9 Fighting
 + Level 10.5 Axes
 + Level 4.4 Armour
 + Level 3.8 Shields


You had 7 spell levels left.
You didn't know any spells.
Your spell library was empty.

Dungeon Overview and Level Annotations

Branches:
Dungeon (6/15)             Temple (0/1) D:4

Altars:
Nemelex Xobeh
Qazlal

Shops:
D:2 *   D:5 ?

Annotations:
D:3 1 runed translucent door, becking's ghost, weakling OpCj


Message History

You hit the steam dragon.
The steam dragon is lightly wounded.
You hit the orc.
You are engulfed in a cloud of scalding steam.
The steam dragon bites you but does no damage.
You block the steam dragon's attack. The orc hits you with a +0 mace.
The orc hits you but does no damage.
Things that are here:
a +0 dagger; a +0 robe You slash the orc!
You kill the orc!
You barely miss the steam dragon. The steam dragon bites you.
The steam dragon closely misses you.
You barely miss the steam dragon.
The steam dragon is lightly wounded.
The steam dragon bites you but does no damage.
The steam dragon claws you but does no damage.
You hit the steam dragon but do no damage.
The steam dragon is lightly wounded.
The steam dragon bites you.
The steam dragon claws you but does no damage.
You closely miss the steam dragon.
The steam dragon is lightly wounded.
The steam dragon breathes steam at you. The ball of steam hits you!!
* * * LOW HITPOINT WARNING * * *
The steam dragon closely misses you.
The steam dragon claws you but does no damage.
You feel better. The steam dragon bites you.
* * * LOW HITPOINT WARNING * * *
The steam dragon claws you but does no damage.
You barely miss the steam dragon.
The steam dragon is lightly wounded.
The steam dragon bites you but does no damage.
The steam dragon completely misses you.
You slash the steam dragon!
The steam dragon is heavily wounded.
The steam dragon breathes steam at you. The ball of steam hits you!!
You die...

................ #..
..........#..... #...
#........#....# ....
.#.............# .....
............#..####.....
...........###))#.......
..........#
#)ยง.........
........<.###D##........
.).........##.@....:##..
...>.....#))............
.#.....####...##......<.
....... #....#....!.[.
....... ..............#
....... ....#.........##
...........####.##...##
..... #.# #### ..... ##


You could see a steam dragon (catching breath).

Vanquished Creatures
  An ogre (D:4)
  A phantom (D:5)
  A bullfrog (D:6)
  2 scorpions
  2 orc priests
  2 hounds
  3 jellies
  3 iguanas
  3 orc wizards
  9 adders
  A shadow imp (D:6)
  3 ufetubi
  5 worms (D:3)
  3 dart slugs
  6 orcs
  4 ball pythons
  6 bats
  6 endoplasms
  2 giant cockroaches
  3 goblins
  9 hobgoblins
  7 jackals
  8 quokkas
  3 kobolds
  6 rats
  A butterfly (D:1)
100 creatures vanquished.

Notes
Turn   | Place    | Note
-------+----------+-------------------------------------------
     0 | D:1      | snarfax the Hill Orc Fighter began the quest for the Orb.
     0 | D:1      | Reached XP level 1. HP: 19/19 MP: 1/1
   122 | D:1      | Reached skill level 3 in Axes
   168 | D:1      | Reached XP level 2. HP: 26/26 MP: 2/2
   265 | D:1      | Reached skill level 4 in Axes
   415 | D:1      | Reached XP level 3. HP: 31/31 MP: 3/3
   649 | D:2      | Reached skill level 5 in Axes
   761 | D:2      | Reached XP level 4. HP: 39/39 MP: 4/4
   874 | D:2      | Found Ykhlog's Assorted Antiques.
  1252 | D:3      | Reached skill level 6 in Axes
  1692 | D:3      | Found a runed translucent door.
  1693 | D:3      | Noticed a bullfrog
  1774 | D:3      | Noticed becking's ghost (weakling OpCj)
  1930 | D:4      | Reached XP level 5. HP: 45/45 MP: 5/5
  1976 | D:4      | Reached skill level 7 in Axes
  2014 | D:4      | Found a staircase to the Ecumenical Temple.
  2015 | D:4      | Noticed an ogre
  2024 | D:4      | Killed an ogre
  2025 | D:4      | Reached skill level 8 in Axes
  2025 | D:4      | Reached XP level 6. HP: 7/51 MP: 6/6
  2026 | D:4      | HP: 2/51 [scorpion (2)]
  2046 | D:4      | Reached skill level 9 in Axes
  2207 | D:4      | Found a sparkling altar of Nemelex Xobeh.
  2210 | D:4      | You fall into a shaft and drop 1 floor!
  2210 | D:5      | Entered Level 5 of the Dungeon
  2291 | D:5      | Reached XP level 7. HP: 54/57 MP: 7/7
  2404 | D:5      | Reached skill level 10 in Axes
  2495 | D:5      | Found a stormy altar of Qazlal.
  2536 | D:5      | Found Ezowesyu's Magic Scroll Boutique.
  2544 | D:5      | Bought a scroll of enchant weapon for 112 gold pieces
  2954 | D:6      | Reached XP level 8. HP: 67/67 MP: 8/8
  2981 | D:6      | Killed from afar by a steam dragon

Illustrated notes

Levels and vault maps discovered:
D:1:      spicycebolla_arrival_clurvy, layout_basic, nrook_mini_vaults
D:2:      layout_rooms, serial_shops, shop
D:3:      layout_basic, ebering_ghost_sewer_d, minmay_misc_feat_tower,
          roderic_lattice_a, minivault_4, nicolae_wormholes
D:4:      layout_loops_ring, mainiacjoe_overflow_alcove_4, kennysheep_mini_moat,
          minmay_temple_entry_glass, minmay_cut_off, uniq_sigmund
D:5:      layout_loops_cross, lemuel_round_altar, serial_shops, shop
D:6:      kennysheep_steamy, layout_cave_pools, ebering_ghost_inner_flame

Skill      XL: |  1  2  3  4  5  6  7 |
---------------+----------------------+-----
Axes           | 3 4 5 6 8 9 10 | 10.5
Fighting       | 4 |  4.9
Armour         | 4 |  4.4
Shields        | |  3.8

Action                     |  1- 3 |  4- 6 |  7- 9 || total
---------------------------+-------+-------+-------++-------
  Melee: War axe           |   103 |   156 |   106 ||   365
  Throw: Dart              |       |     2 |       ||     2
    Use: Scroll            |       |    12 |     2 ||    14
         Potion            |       |     1 |     1 ||     2
 Armour: Scale mail        |    43 |    61 |    18 ||   122
         Plate armour      |       |       |    44 ||    44
  Dodge: Dodged            |    67 |    47 |    38 ||   152
  Block: Buckler           |    26 |    34 |    17 ||    77
